 Dungeon Sprint DCSS version 0.23.2 (webtiles) character file.

Game seed: 13503571850460402937

24173 1492 the Brawler (level 12, -14/139 HPs)
             Began as a Troll Berserker on Apr 6, 2019.
             Was a Priest of Trog.
             Killed from afar by Lom Lobon (36 damage)
             ... with a great icy blast
             ... in the Dungeon (Sprint I: "Red Sonja").
             The game lasted 00:21:02 (2520 turns).

1492 the Brawler (Troll Berserker)                  Turns: 2520, Time: 00:21:03

Health: -14/139    AC: 31    Str: 34    XL:     12   Next: 78%
Magic:  5/16       EV: 10    Int:  4    God:    Trog [***...]
Gold:   667        SH: 23    Dex: 14    Spells: 11/11 levels left

rFire    + + .     SeeInvis .     - Unarmed
rCold    + + +     Gourm    +   x - +2 large shield {rC+ rF+}
rNeg     . . .     Faith    .   A - +9 scales of the Dragon King {rPois rF+ rC+ MR+}
rPois    +         Spirit   .   (helmet restricted)
rElec    .         Reflect  .   n - +0 cloak
rCorr    .         Harm     .   (gloves unavailable)
MR       +++..     Clarity  +   (boots unavailable) Stlth ..........NoTele +
                                (no amulet)
HPRegen  1.73/turn              c - ring of protection from cold
MPRegen  0.15/turn              (no ring)

@: mighty, agile, frozen, berserk cooldown, regenerating, slowed, very slow
A: large, unfitting armour, claws 3, clarity, fast metabolism 3, gourmand, sense
surroundings 1, regeneration 1, shaggy fur 1, tough skin 3, weak 1
a: Berserk, Trog's Hand, Renounce Religion


You were in the Dungeon.
You worshipped Trog.
Trog was most pleased with you.
You were not hungry.

You visited 1 branch You collected 3646 gold pieces.
You spent 2979 gold pieces at shops.

Inventory:

Missiles
 i - 5 curare-tipped needles {!f}
 l - 19 stones (quivered)
 u - 96 arrows
 z - 35 poisoned needles
Armour
 n - a +0 cloak (worn)
   (You bought it in a shop in the Dungeon)
 x - a +2 large shield of resistance (worn)
   (You bought it in a shop in the Dungeon)
 A - the +9 scales of the Dragon King (worn) {rPois rF+ rC+ MR+}
   (You bought it in a shop in the Dungeon)

   It protects you from fire.
   It protects you from cold.
   It protects you from poison.
   It affects your resistance to hostile enchantments.
Jewellery
 c - a ring of protection from cold (left claw)
   (You found it in the Dungeon)
Wands
 t - a wand of scattershot (3)
   (You bought it in a shop in the Dungeon)
 V - a wand of digging (4)
   (You took it off Ijyb in the Dungeon)
Scrolls
 a - a scroll of enchant weapon {unknown}
 h - a scroll of blinking {@r0}
 j - a scroll of fear {@r3}
 k - a scroll of remove curse {@r2}
 m - a scroll of fog {@r4}
 v - a scroll of identify {@r1}
Potions
 f - 2 potions of magic
 g - a potion of berserk rage {!q}
 o - a potion of curing {@q1}
 p - a potion of agility {@q4}
 q - 2 potions of mutation
 s - a potion of brilliance
Comestibles
 b - 5 rations {!d}


   Skills:
 - Level 14.0 Fighting
 * Level 10.1 Armour
 - Level 2.4 Dodging
 + Level 12.2 Shields
 - Level 20.0 Unarmed Combat
 - Level 7.0 Evocations


You had 11 spell levels left.
You didn't know any spells.
Your spell library was empty.

Dungeon Overview and Level Annotations

Branches:
Dungeon (1/1)

Altars:
Cheibriados
Dithmenos
Elyvilon
Fedhas
Gozag
Hepliaklqana
Kikubaaqudgha
Makhleb
Nemelex Xobeh
Okawaru
Qazlal
Ru
Sif Muna
Trog
Uskayaw
Vehumet
Wu Jian
Xom
Yredelemnul
Zin
The Shining One
Jiyva
Lugonu

Shops:
D ?=!%***:[[[=:((}[%[[*

Annotations:
D exclusion: oklob plant, Lom Lobon, Tiamat


Innate Abilities, Weirdness & Mutations

You are too large for most types of armour.
You have claws for hands.
Your metabolism is lightning-fast.
You like to eat raw meat.
Your natural rate of healing is unusually fast.
You are covered in fur. (AC +1)
You have extremely tough skin. (AC +3)
You possess an exceptional clarity of mind.
You passively map a small area around you.
You are weak. (Str -2)


Message History

Lom Lobon is heavily wounded.
You are engulfed in freezing vapours.
You resist.
* * * LOW HITPOINT WARNING * * *
Lom Lobon blinks!
Your scales of the Dragon King prevents you from hitting Lom Lobon.
Lom Lobon is heavily wounded.
You are engulfed in freezing vapours.
You resist.
* * * LOW HITPOINT WARNING * * *
You claw Lom Lobon!
Lom Lobon is heavily wounded.
You are engulfed in freezing vapours.
You resist.
Unknown command.
You mangle Lom Lobon!!
Lom Lobon is heavily wounded.
You are engulfed in freezing vapours.
You resist.
* * * LOW HITPOINT WARNING * * *
You block Lom Lobon's attack.
You eviscerate Lom Lobon!!!
Lom Lobon is severely wounded.
You are engulfed in freezing vapours.
You resist.
Unknown command.
You claw Lom Lobon!
Lom Lobon is severely wounded.
Your two-headed ogre is engulfed in freezing vapours.
Your two-headed ogre hits Lom Lobon with a +0 dire flail!!
Your two-headed ogre completely misses Lom Lobon.
You block Lom Lobon's attack.
Unknown command.
You closely miss Lom Lobon.
Lom Lobon is severely wounded.
Your two-headed ogre is engulfed in freezing vapours.
Your two-headed ogre hits Lom Lobon with a +0 dire flail!
Your two-headed ogre barely misses Lom Lobon.
Unknown command.
Your scales of the Dragon King prevents you from hitting Lom Lobon.
Lom Lobon is almost dead.
Lom Lobon gestures. 2 ball lightnings come into view.
Unknown command.
You scratch Lom Lobon.
Lom Lobon is almost dead.
Your two-headed ogre is engulfed in freezing vapours.
Your two-headed ogre completely misses Lom Lobon.
Your two-headed ogre hits Lom Lobon with a +2 dire flail of protection!
The ball lightning explodes!
The blast of lightning engulfs your two-headed ogre!
The blast of lightning engulfs Lom Lobon.
Lom Lobon completely resists.
The blast of lightning engulfs you but does no damage.
The blast of lightning engulfs the ball lightning.
The ball lightning completely resists.
The ball lightning explodes!
The blast of lightning engulfs Lom Lobon.
Lom Lobon completely resists.
The blast of lightning engulfs your two-headed ogre!
The blast of lightning engulfs you!
* * * LOW HITPOINT WARNING * * *
Damage: -5%(-11hp) hp: 33%(68hp)
You eviscerate Lom Lobon!!!
Lom Lobon is almost dead.
Lom Lobon gestures.
Lom Lobon is healed.
Your two-headed ogre is engulfed in freezing vapours.
Your two-headed ogre hits Lom Lobon with a +0 dire flail!!
Your two-headed ogre barely misses Lom Lobon.
Unknown command.
You closely miss Lom Lobon.
Lom Lobon is severely wounded.
Unknown command.
You claw Lom Lobon!
Lom Lobon is severely wounded.
Your two-headed ogre is engulfed in freezing vapours.
Your two-headed ogre hits Lom Lobon with a +0 dire flail!!
Your two-headed ogre completely misses Lom Lobon.
Lom Lobon gestures at you.
Lom Lobon conjures a mighty blast of ice!
The great icy blast engulfs you!!! You partially resist.
* * * LOW HITPOINT WARNING * * *
You are encased in ice.
The great icy blast engulfs your two-headed ogre!!!
Your two-headed ogre dies!
Your two-headed ogre's corpse disappears in a puff of smoke!
Huge Dmg: -17%(-36hp) hp: 17%(34hp) Unknown command.
You miss Lom Lobon.
Lom Lobon is severely wounded.
You are engulfed in freezing vapours.
You resist.
You are no longer berserk.
You are exhausted.
You feel yourself slow down.
Huge Dmg: -8%(-11hp) hp: 17%(23hp) Unknown command.
You closely miss Lom Lobon.
Lom Lobon is severely wounded.
You are engulfed in freezing vapours.
You resist.
* * * LOW HITPOINT WARNING * * *
Lom Lobon gestures at you.
Lom Lobon conjures a mighty blast of ice!
The great icy blast engulfs you!!! You partially resist.
You die...

#.#.....○.°.#.###..#.....)D.,,,,*
###....°°.○.#)#☼'*.##........,,**
[.'.....○####)#^##*##,,,,,,,,,,*,
####...###....#§#≈≈≈##,,,,,,,,**,
.).#####)..####☼#≈*≈≈##,,,,,,**,,
.........###,,&.#≈**§§#*******,,,
..)..#####,,,^####≈§§☼#≈≈≈≈≈*,,,,
....##,,,,,,^○#§§#§§§≈+≈≈,≈≈+,,,,
...##,,,,,,°*,#§@§##≈≈#≈≈≈≈≈*≈≈≈,
...#,,,,,,○°°,#&$§§####**+*****≈≈
####****,*&°,,#°$$$#≈≈≈≈≈≈≈≈≈≈**≈
≈≈≈≈≈≈,*,,,,,,######*≈≈≈≈≈≈≈≈≈≈≈≈
#######*,,,,,,+,,*,,+,,,≈≈≈≈≈≈≈*≈
0..+,,,,,,,,,,*,,+,,*,,,,,,,,≈≈≈*
####*****************************


You could see Lom Lobon.

Vanquished Creatures
  4 fire giants (D)
  A lorocyproca (D)
  A deep elf annihilator (D)
  A mummy priest (D)
  2 centaur warriors (D)
  A hydra (D)
  Sonja (D)
  3 unseen horrors (D)
  A deep troll (D)
  A lindwurm (D)
  5 shining eyes (D)
  An oklob plant (D)
  2 merfolk sirens (D)
  A gargoyle (D)
  2 kobold demonologists (D)
  A hellwing (D)
  4 demonic crawlers (D)
  A meliai (D)
  4 hornets (D)
  A slime creature (D)
  2 redbacks (D)
  Sigmund (D)
  A yak (D)
  13 hogs (D)
  6 floating eyes (D)
  An ogre (D)
  7 necrophages (D)
  8 jellies (D)
  Ijyb (D)
  3 ballistomycetes (D)
81 creatures vanquished.

Vanquished Creatures (collateral kills)
  A daeva (D)
  4 unseen horrors (D)
  3 shining eyes (D)
  A floating eye (D)
9 creatures vanquished.

Vanquished Creatures (others)
  A gargoyle (D)
  A hornet (D)
  13 ball lightnings (D)
  2 ballistomycete spores (D)
17 creatures vanquished.

Grand Total: 107 creatures vanquished

Notes
Turn   | Place    | Note
-------+----------+-------------------------------------------
     0 | D        | 1492 the Troll Berserker began the quest for the Orb.
     0 | D        | Reached XP level 1. HP: 22/22 MP: 0/0
     1 | D        | Noticed Ijyb
     8 | D        | Killed Ijyb
     8 | D        | Reached skill level 6 in Unarmed Combat
     8 | D        | Reached XP level 2. HP: 23/29 MP: 1/1
    20 | D        | Noticed an ogre
    24 | D        | Killed an ogre
    24 | D        | Reached skill level 9 in Unarmed Combat
    24 | D        | Reached XP level 3. HP: 36/36 MP: 2/2
    24 | D        | Reached XP level 4. HP: 44/44 MP: 3/3
    51 | D        | Noticed Sigmund
    58 | D        | Killed Sigmund
    58 | D        | Reached ** piety under Trog
    58 | D        | Reached skill level 5 in Fighting
    58 | D        | Reached skill level 11 in Unarmed Combat
    58 | D        | Reached XP level 5. HP: 45/57 MP: 4/4
    58 | D        | Reached XP level 6. HP: 52/66 MP: 5/5
    92 | D        | Found an ornate altar of the Wu Jian Council.
    92 | D        | Found a deep blue altar of Sif Muna.
    94 | D        | Found a radiant altar of Vehumet.
   127 | D        | Found Qalustrawk's Food Emporium.
   127 | D        | Found an ancient bone altar of Kikubaaqudgha.
   127 | D        | Found a hazy altar of Hepliaklqana.
   127 | D        | Found a stormy altar of Qazlal.
   127 | D        | Found a hide-covered altar of Uskayaw.
   127 | D        | Found a blossoming altar of Fedhas.
   127 | D        | Found a bloodstained altar of Trog.
   127 | D        | Found an iron altar of Okawaru.
   127 | D        | Found a basalt altar of Yredelemnul.
   127 | D        | Found a glowing golden altar of the Shining One.
   127 | D        | Found a snail-covered altar of Cheibriados.
   127 | D        | Found a sacrificial altar of Ru.
   127 | D        | Found a glowing silver altar of Zin.
   127 | D        | Found a shadowy altar of Dithmenos.
   127 | D        | Found a white marble altar of Elyvilon.
   127 | D        | Noticed a yak
   128 | D        | Found an opulent altar of Gozag.
   133 | D        | Killed a yak
   133 | D        | Reached skill level 12 in Unarmed Combat
   134 | D        | Found a sparkling altar of Nemelex Xobeh.
   175 | D        | Noticed Sonja
   181 | D        | HP: 30/106 [Sonja/+2 dagger of distortion (14)]
   183 | D        | HP: 14/106 [Sonja/+2 dagger of distortion (13)]
   186 | D        | Killed Sonja
   186 | D        | Reached *** piety under Trog
   186 | D        | Reached skill level 13 in Unarmed Combat
   186 | D        | Reached XP level 7. HP: 15/83 MP: 6/6
   186 | D        | Reached XP level 8. HP: 16/92 MP: 7/7
   188 | D        | HP: 16/138 [poisoned by Sonja (curare-tipped needle)]
   193 | D        | HP: 13/92 [poisoned by Sonja (curare-tipped needle)]
   198 | D        | HP: 16/92 [poisoned by Sonja (curare-tipped needle)]
   315 | D        | Found Atupsox's Magic Scroll Boutique.
   323 | D        | Bought a scroll of magic mapping for 49 gold pieces
   324 | D        | Bought a scroll of remove curse for 42 gold pieces
   467 | D        | Noticed a deep troll
   473 | D        | Killed a deep troll
   473 | D        | Reached skill level 10 in Fighting
   473 | D        | Reached skill level 14 in Unarmed Combat
   526 | D        | Found Gois's Armour Emporium.
   530 | D        | Bought a +0 shield for 54 gold pieces
   530 | D        | Bought a +0 cloak for 54 gold pieces
   564 | D        | Noticed a centaur warrior
   565 | D        | Noticed a centaur warrior
   577 | D        | Noticed a shining eye
   577 | D        | Noticed a shining eye
   577 | D        | Noticed a shining eye
   595 | D        | Found a viscous altar of Jiyva.
   595 | D        | Found a corrupted altar of Lugonu.
   595 | D        | Noticed a slime creature
   596 | D        | Found a burning altar of Makhleb.
   596 | D        | Found a shimmering altar of Xom.
   602 | D        | Killed a slime creature
   612 | D        | Killed a gargoyle
   662 | D        | Noticed a kobold demonologist
   662 | D        | Noticed a kobold demonologist
   665 | D        | Reached **** piety under Trog
   668 | D        | Killed a kobold demonologist
   668 | D        | Reached XP level 9. HP: 101/101 MP: 8/8
   673 | D        | Killed a kobold demonologist
   711 | D        | Noticed a demonic crawler
   711 | D        | Noticed a demonic crawler
   711 | D        | Noticed a demonic crawler
   711 | D        | Noticed a demonic crawler
   715 | D        | Killed a demonic crawler
   715 | D        | Reached ***** piety under Trog
   718 | D        | Killed a demonic crawler
   722 | D        | Killed a demonic crawler
   730 | D        | Killed a demonic crawler
   730 | D        | Reached skill level 15 in Unarmed Combat
   795 | D        | Noticed a lindwurm
   797 | D        | Killed a lindwurm
   847 | D        | Bought a ration for 50 gold pieces
   847 | D        | Bought a ration for 50 gold pieces
   847 | D        | Bought a ration for 50 gold pieces
   847 | D        | Bought a ration for 50 gold pieces
   847 | D        | Bought a ration for 50 gold pieces
   861 | D        | Noticed a shining eye
   861 | D        | Noticed a shining eye
   861 | D        | Noticed a shining eye
   861 | D        | Paralysed by a floating eye for 3 turns
   867 | D        | Gained mutation: Your body sometimes deteriorates upon
                  | taking damage. [a shining eye]
   868 | D        | Reached XP level 10. HP: 113/113 MP: 9/9
   872 | D        | Killed a shining eye
   873 | D        | Gained mutation: Armour fits poorly on your strangely
                  | shaped body. [a shining eye]
   874 | D        | Killed a shining eye
   874 | D        | Reached skill level 16 in Unarmed Combat
   876 | D        | Killed a shining eye
   876 | D        | Gained mutation: You occasionally shout uncontrollably at
                  | your foes. [a shining eye]
   877 | D        | Killed a shining eye
   879 | D        | Killed a shining eye
   880 | D        | Noticed a shining eye
   880 | D        | Noticed a shining eye
   880 | D        | Gained mutation: You are weak. (Str -2) [a shining eye]
   882 | D        | Killed a shining eye
   882 | D        | Received a gift from Trog
   882 | D        | Reached skill level 17 in Unarmed Combat
   887 | D        | Gained mutation: Scrolls take you a little longer to read.
                  | [a shining eye]
   889 | D        | Killed a shining eye
   889 | D        | Killed a shining eye
   906 | D        | Found Goxzutug's Jewellery Shoppe.
   906 | D        | Found Buagaug's Assorted Antiques.
   906 | D        | Found Cijoril's Distillery.
   906 | D        | Found Qefomali's Assorted Antiques.
   912 | D        | Bought a potion of mutation for 112 gold pieces
   912 | D        | Bought a potion of mutation for 112 gold pieces
   912 | D        | Bought a potion of mutation for 112 gold pieces
   912 | D        | Bought a potion of might for 56 gold pieces
   921 | D        | Bought a fizzy purple potion for 20 gold pieces
   921 | D        | Bought a bone wand for 92 gold pieces
   921 | D        | Lost mutation: You occasionally shout uncontrollably at
                  | your foes. [potion of mutation]
   921 | D        | Lost mutation: Scrolls take you a little longer to read.
                  | [potion of mutation]
   921 | D        | Lost mutation: Your body sometimes deteriorates upon taking
                  | damage. [potion of mutation]
   921 | D        | Lost mutation: Armour fits poorly on your strangely shaped
                  | body. [potion of mutation]
   921 | D        | Gained mutation: You passively map a small area around you.
                  | [potion of mutation]
   921 | D        | Gained mutation: You possess an exceptional clarity of
                  | mind. [potion of mutation]
   964 | D        | Killed a centaur warrior
   964 | D        | Reached skill level 18 in Unarmed Combat
   967 | D        | Killed a centaur warrior
   967 | D        | Reached XP level 11. HP: 124/124 MP: 10/10
   999 | D        | Reached ****** piety under Trog
  1051 | D        | Noticed an oklob plant
  1055 | D        | Killed an oklob plant
  1055 | D        | Reached skill level 1 in Evocations
  1091 | D        | Received a gift from Trog
  1136 | D        | Killed an unseen horror
  1140 | D        | Killed an unseen horror
  1198 | D        | Reached skill level 19 in Unarmed Combat
  1201 | D        | Received a gift from Trog
  1232 | D        | Received a gift from Trog
  1261 | D        | Found Liatwine's Book Shoppe.
  1261 | D        | Found Xibb's General Store.
  1261 | D        | Found Nuityme's Armour Boutique.
  1263 | D        | Found Daadd's Antique Armour Emporium.
  1263 | D        | Found Aqaxzeim's Armour Shop.
  1263 | D        | Found Kiwoaxep's Jewellery Shoppe.
  1263 | D        | Found Gaofreis's Book Boutique.
  1263 | D        | Found Qukereho's Weapon Emporium.
  1263 | D        | Found Hifiqus's Antique Weapon Shop.
  1263 | D        | Found Tailekem's Gadget Shoppe.
  1267 | D        | Found Hograwodgh's Antique Armour Boutique.
  1268 | D        | Found Wushaugi's Armour Emporium.
  1268 | D        | Found Qoyprocashu's Food Boutique.
  1269 | D        | Found Basegil's Assorted Antiques.
  1278 | D        | Bought a +1 large shield of resistance for 438 gold pieces
  1289 | D        | Bought a scroll labeled YBRYS DALIH for 27 gold pieces
  1373 | D        | Reached skill level 5 in Evocations
  1382 | D        | Received a gift from Trog
  1394 | D        | Received a gift from Trog
  1440 | D        | Killed a lorocyproca
  1440 | D        | Reached skill level 10 in Shields
  1487 | D        | Noticed a 12-headed hydra
  1488 | D        | Killed a 12-headed hydra
  1488 | D        | Reached skill level 20 in Unarmed Combat
  1488 | D        | Received a gift from Trog
  1650 | D        | Noticed a daeva
  1777 | D        | Bought the +9 scales of the Dragon King {rPois rF+ rC+ MR+}
                  | for 1372 gold pieces
  1777 | D        | Found the +9 scales of the Dragon King {rPois rF+ rC+ MR+}
  1833 | D        | Bought a scroll of identify for 28 gold pieces
  1833 | D        | Bought a scroll of identify for 28 gold pieces
  1833 | D        | Bought a scroll of identify for 28 gold pieces
  1833 | D        | Bought a scroll of enchant armour for 105 gold pieces
  1911 | D        | Reached skill level 1 in Armour
  1944 | D        | Noticed a deep elf annihilator
  1962 | D        | Received a gift from Trog
  1962 | D        | Reached XP level 12. HP: 137/137 MP: 15/15
  1974 | D        | Killed a deep elf annihilator
  1976 | D        | Noticed a mummy priest
  2102 | D        | Killed a daeva
  2125 | D        | Received a gift from Trog
  2125 | D        | Reached skill level 5 in Armour
  2146 | D        | Noticed a fire giant
  2150 | D        | Noticed a fire giant
  2151 | D        | Noticed a fire giant
  2154 | D        | Killed a fire giant
  2167 | D        | Killed a fire giant
  2167 | D        | Received a gift from Trog
  2174 | D        | Killed a fire giant
  2177 | D        | Got an ancient arbalest {god gift}
  2187 | D        | Noticed a fire giant
  2200 | D        | Killed a fire giant
  2202 | D        | Identified the +4 dragonskin cloak
  2202 | D        | Noticed Tiamat
  2262 | D        | Noticed a shadow dragon
  2262 | D        | Noticed a golden dragon
  2306 | D        | Killed a mummy priest
  2306 | D        | Reached skill level 10 in Armour
  2306 | D        | HP: 43/139 [something (30)]
  2455 | D        | Noticed Lom Lobon
  2470 | D        | HP: 42/139 [Lom Lobon/great icy blast (45)]
  2483 | D        | HP: 46/139 [ball lightning[Lom Lobon] (13)]
  2506 | D        | HP: 75/208 [ball lightning[Lom Lobon] (14)]
  2515 | D        | HP: 68/208 [ball lightning[Lom Lobon] (12)]
  2520 | D        | HP: 20/139 [Lom Lobon] (3)]
  2520 | D        | Killed from afar by Lom Lobon

Skill      XL: |  1  2  3  4  5  6  7  8  9 10 11 12 |
---------------+-------------------------------------+-----
Unarmed Combat | 6 9 11 13 14 15 18 20 | 20.0
Fighting       | 5 9 10 11 12 13 14 | 14.0
Shields        | 6 9 10 12 | 12.2
Evocations     | 6 7 |  7.0
Armour         | 2 10 | 10.1
Dodging        | |  2.4

Action                   |  1- 3 |  4- 6 |  7- 9 | 10-12 || total
-------------------------+-------+-------+-------+-------++-------
Melee: Unarmed           |     9 |    18 |    47 |   185 ||   259
       Punch             |       |     1 |       |       ||     1
Invok: Berserk           |     1 |     1 |     4 |     8 ||    14
       Brothers in Arms  |       |       |     1 |     8 ||     9
       Trog's Hand       |       |       |       |     3 ||     3
Evoke: Wand              |       |       |       |    10 ||    10
  Use: Scroll            |       |     2 |     1 |     5 ||     8
       Potion            |       |       |       |     7 ||     7
  Eat: Chunk             |       |     4 |     6 |    12 ||    22
       Ration            |       |       |     2 |     3 ||     5
Armor: Animal skin       |     1 |    13 |     8 |    18 ||    40
       Gold dragon scale |       |       |       |    23 ||    23
Dodge: Dodged            |     2 |    10 |    10 |    12 ||    34
Block: Shield            |       |       |    17 |    12 ||    29
       Large shield      |       |       |       |    51 ||    51
